 Dungeon Crawl Stone Soup version 0.21.1-1-g345015f (console) character file.

810 Homage the Grasshopper (level 7, -1/56 HPs)
             Began as a Gnoll Warper on Apr 7, 2018.
             Slain by a killer bee (2 damage)
             ... on level 4 of the Dungeon.
             The game lasted 00:16:15 (4781 turns).

Homage the Grasshopper (Gnoll Warper)               Turns: 4781, Time: 00:16:15

Health: -1/56      AC:  9    Str: 13    XL:     7   Next: 92%
Magic:  7/15       EV: 13    Int: 18    God:
Gold:   155        SH:  2    Dex: 14    Spells: 6/17 levels left

rFire    . . .     SeeInvis .   a - +0 trident
rCold    . . .     Gourm    .   (no shield)
rNeg     . . .     Faith    .   t - +0 ring mail
rPois    +         Spirit   .   (no helmet)
rElec    .         Reflect  +   i - +2 cloak
rCorr    .         Harm     .   (no gloves)
MR       .....                  (no boots)
Stlth    ++........             p - +2 amulet of reflection
HPRegen  0.18/turn              r - ring of poison resistance
MPRegen  0.14/turn              (no ring)

@: lethally poisoned (-1 -> -1), about to teleport
A: distributed training, fangs 1, strong nose
a: no special abilities


You were on level 4 of the Dungeon.
You were very hungry.

You visited 1 branch of the dungeon, and saw 5 of its levels.

You collected 155 gold pieces.


Innate Abilities, Weirdness & Mutations

Your experience applies equally to all skills.
You have very sharp teeth.
Your uncanny sense of smell can sniff out nearby items.


   Skills:
 + Level 5.4 Fighting
 + Level 2.7 Short Blades
 + Level 2.7 Long Blades
 + Level 2.7 Axes
 + Level 2.7 Maces & Flails
 + Level 5.4 Polearms
 + Level 2.7 Staves
 + Level 2.7 Slings
 + Level 2.7 Bows
 + Level 2.7 Crossbows
 + Level 3.8 Throwing
 + Level 3.8 Armour
 + Level 5.4 Dodging
 + Level 2.7 Stealth
 + Level 2.7 Shields
 + Level 2.7 Unarmed Combat
 + Level 5.7 Spellcasting
 + Level 2.2 Conjurations
 + Level 2.2 Hexes
 + Level 2.2 Charms
 + Level 2.2 Summonings
 + Level 2.2 Necromancy
 + Level 5.9 Translocations
 + Level 2.2 Transmutations
 + Level 2.2 Fire Magic
 + Level 2.2 Ice Magic
 + Level 2.2 Air Magic
 + Level 2.2 Earth Magic
 + Level 2.2 Poison Magic
 + Level 3.0 Invocations
 + Level 2.7 Evocations


You had 6 spell levels left.
You knew the following spells:

 Your Spells              Type           Power        Failure   Level  Hunger
g - Shroud of Golubria    Chrm/Tloc      ###.......   7%          2    None
i - Passage of Golubria   Tloc           N/A          22%         4    ####...
v - Blink                 Tloc           N/A          3%          2    None
Z - Gell's Gravitas       Tloc           ####......   6%          3    ##.....

Inventory:

Hand Weapons
 a - a +0 trident (weapon)
 y - a +1 flail of protection
Missiles
 e - 5 tomahawks of dispersal (quivered)
 v - 12 poisoned needles
Armour
 h - a +3 chain mail
 i - a +2 cloak (worn)
 t - a +0 ring mail (worn)
Jewellery
 p - a +2 amulet of reflection (around neck)
 r - a ring of poison resistance (left hand)
Wands
 g - a wand of flame (33)
 l - a wand of paralysis (17)
Scrolls
 d - 2 scrolls of blinking
 k - 2 scrolls of identify {unknown}
 m - a scroll of immolation {unknown}
 n - 2 scrolls of fog
 s - 5 scrolls of remove curse
Potions
 b - a potion of flight
 j - a potion of agility
 q - a potion of heal wounds
 u - a potion of brilliance
 x - 2 potions of curing
Books
 c - a book of Spatial Translocations

   Spells                             Type                      Level
   a - Blink                          Translocation                2
   b - Shroud of Golubria             Charms/Translocation         2
   c - Lesser Beckoning               Translocation                3
   d - Gell's Gravitas                Translocation                3
   e - Teleport Other                 Translocation                3
   f - Passage of Golubria            Translocation                4
 o - a book of Callings

   Spells                             Type                      Level
   a - Summon Small Mammal            Summoning                    1
   b - Call Imp                       Summoning                    2
   c - Call Canine Familiar           Summoning                    3
   d - Summon Guardian Golem          Hexes/Summoning              3
   e - Summon Lightning Spire         Summoning/Air                4
   f - Summon Ice Beast               Ice/Summoning                4
Comestibles
 f - 6 rations


Message History

* * * LOW HITPOINT WARNING * * *
Casting: Blink
Confirm with . or Enter, or press ? or * to list all spells.
Aiming: Gell's Gravitas
Press: ? - help, Dir - move target cursor, f - killer bee
Aim: a killer bee Gravity reorients around the killer bee.
The killer bee collides with the killer bee!
The killer bee misses you. x2; The killer bee stings you.
* * * LOW HITPOINT WARNING * * *
The killer bee stings you but does no damage.
The killer bee stings you but does no damage.
You block the killer bee's attack. The killer bee barely misses you.
You see here a scale mail.
As you read the scroll of teleportation, it crumbles to dust.
You feel strangely unstable.
You feel sick. The killer bee closely misses you. The killer bee stings you.
* * * LOW HITPOINT WARNING * * *
The killer bee stings you.
You die...

...................##.#
.###..############.##.#
.# #..# #.##.# .# #..#
#.##.# .# #..# #.#).#
.###..############..#.#
...................##.#
.###.#.##########.###.#
.###.#..###....y@....[#
...........##.#y#######
####...........#######
.....................#
######.#......########
##.......# ##......#
#......# #......#


You could see 2 killer bees.

Vanquished Creatures
  Eustachio (D:4)
  A centaur (D:5)
  Blork the orc (D:4)
  A killer bee (D:5)
  A centaur zombie (D:5)
  A crimson imp (D:3)
  An orc priest (D:4)
  A centaur skeleton (D:4)
  6 orc wizards
  4 gnolls (D:4)
  5 adders
  An ooze (D:3)
  2 adder skeletons (D:4)
  2 worms (D:3)
  2 dart slugs
  4 leopard geckos
  11 orcs
  3 giant cockroaches
  5 goblins
  3 hobgoblins
  11 jackals
  8 kobolds
  6 bats
  3 frilled lizards
  9 rats
93 creatures vanquished.

Notes
Turn   | Place    | Note
-------+----------+-------------------------------------------
     0 | D:1      | Homage the Gnoll Warper began the quest for the Orb.
     0 | D:1      | Reached XP level 1. HP: 20/20 MP: 6/6
    96 | D:1      | Reached XP level 2. HP: 21/26 MP: 7/7
   195 | D:1      | Learned a level 2 spell: Blink
   203 | D:1      | Learned a level 2 spell: Shroud of Golubria
   629 | D:2      | Noticed a crimson imp
   667 | D:3      | Reached XP level 3. HP: 24/31 MP: 5/9
   894 | D:3      | Reached skill level 1 in Invocations
   999 | D:3      | Reached skill level 1 in Short Blades
   999 | D:3      | Reached skill level 1 in Long Blades
   999 | D:3      | Reached skill level 1 in Axes
   999 | D:3      | Reached skill level 1 in Maces & Flails
   999 | D:3      | Reached skill level 1 in Staves
   999 | D:3      | Reached skill level 1 in Slings
   999 | D:3      | Reached skill level 1 in Bows
   999 | D:3      | Reached skill level 1 in Crossbows
   999 | D:3      | Reached skill level 1 in Stealth
   999 | D:3      | Reached skill level 1 in Shields
   999 | D:3      | Reached skill level 1 in Unarmed Combat
   999 | D:3      | Reached skill level 1 in Evocations
  1057 | D:3      | Reached XP level 4. HP: 38/38 MP: 11/11
  1067 | D:3      | Learned a level 3 spell: Gell's Gravitas
  1072 | D:3      | Learned a level 4 spell: Passage of Golubria
  1198 | D:3      | Reached skill level 1 in Conjurations
  1198 | D:3      | Reached skill level 1 in Hexes
  1198 | D:3      | Reached skill level 1 in Charms
  1198 | D:3      | Reached skill level 1 in Summonings
  1198 | D:3      | Reached skill level 1 in Necromancy
  1198 | D:3      | Reached skill level 1 in Transmutations
  1198 | D:3      | Reached skill level 1 in Fire Magic
  1198 | D:3      | Reached skill level 1 in Ice Magic
  1198 | D:3      | Reached skill level 1 in Air Magic
  1198 | D:3      | Reached skill level 1 in Earth Magic
  1198 | D:3      | Reached skill level 1 in Poison Magic
  1352 | D:3      | Reached XP level 5. HP: 43/43 MP: 12/12
  2617 | D:4      | Reached skill level 3 in Throwing
  2617 | D:4      | Reached skill level 3 in Armour
  3018 | D:4      | Noticed Eustachio
  3039 | D:4      | Found a hide-covered altar of Uskayaw.
  3067 | D:4      | Killed Eustachio
  3067 | D:4      | Reached XP level 6. HP: 39/51 MP: 8/14
  3422 | D:4      | Noticed Blork the orc
  3449 | D:4      | Killed Blork the orc
  3449 | D:4      | Reached XP level 7. HP: 30/56 MP: 3/15
  3761 | D:5      | Entered Level 5 of the Dungeon
  4676 | D:5      | Reached skill level 3 in Invocations
  4778 | D:4      | HP: 10/56 [killer bee (2)]
  4781 | D:4      | HP: 4/56 [poisoned by a killer bee]
  4781 | D:4      | HP: 1/56 [killer bee (3)]
  4781 | D:4      | Slain by a killer bee

Vault maps used:
D:1:      mrwooster_arrival_statue_3
D:2:      corexii_corridor_pit
D:4:      eat_drink_and_be_merry_uskayaw, first_ration, uniq_blork_the_orc,
          uniq_eustachio
D:5:      minmay_temple_entry_mist

Action                   |  1- 3 |  4- 6 |  7- 9 || total
-------------------------+-------+-------+-------++-------
Melee: Spear             |   139 |       |       ||   139
       Bite              |    10 |    15 |    18 ||    43
       Trident           |    13 |   222 |   114 ||   349
       Punch             |       |     1 |       ||     1
 Cast: Blink             |     3 |     3 |     4 ||    10
       Gell's Gravitas   |       |     5 |     1 ||     6
Evoke: Wand              |       |     1 |       ||     1
  Use: Scroll            |     6 |     1 |     1 ||     8
       Potion            |     4 |     4 |       ||     8
 Stab: Distracted        |       |     1 |       ||     1
  Eat: Chunk             |     1 |     5 |     3 ||     9
       Ration            |       |     1 |       ||     1
Armor: Ring mail         |    41 |    88 |    51 ||   180
       Chain mail        |       |    26 |       ||    26
Dodge: Dodged            |    70 |   203 |    87 ||   360
Block: Other             |       |    19 |     5 ||    24
